 Dungeon Crawl Stone Soup version 0.30-a0-779-g7971cf19c3 (webtiles) character file.

Game seed: 10177988939708286940

32 Dittersdorf the Shield-Bearer (level 3, -8/24 HPs)
             Began as a Gargoyle Fighter on Feb 17, 2023.
             Mangled by Robin
             ... wielding a +0 mace
              (10 damage)
             ... on level 2 of the Dungeon.
             The game lasted 00:00:48 (703 turns).

Dittersdorf the Shield-Bearer (Gargoyle Fighter)     Turns: 703, Time: 00:00:48

Health: -8/24      AC: 10    Str: 21    XL:     3   Next: 27%
Magic:  3/3        EV:  9    Int:  8    God:
Gold:   109        SH:  4    Dex:  9    Spells: 2/2 levels left

rFire   . . .      SeeInvis .    a - +0 flail
rCold   . . .      Faith    .    c - +0 buckler
rNeg    + . .      Spirit   .    b - +0 scale mail
rPois   ∞          Reflect  .    (no helmet)
rElec   +          Harm     .    (no cloak)
rCorr   .          Rampage  .    (no gloves)
Will    .....                    (no boots) Stlth
                                 (no amulet)
HPRegen 0.24/turn                (no ring)
MPRegen 0.08/turn                (no ring)

@: no status effects
A: sickness immunity, AC +3, negative energy resistance 1, electricity
resistance, torment resistance 1, petrification resistance
a: no special abilities


You were on level 2 of the Dungeon.
You visited 1 branch of the dungeon, and saw 2 of its levels.

You collected 109 gold pieces.

Inventory:

Hand Weapons
 a - a +0 flail (weapon)
Missiles
 e - 4 poisoned darts (quivered)
Armour
 b - a +0 scale mail (worn)
 c - a +0 buckler (worn)
Jewellery
 l - a ring of positive energy
Scrolls
 i - a scroll of identify {unknown}
 k - a scroll of poison {unknown}
 m - a scroll of teleportation {unknown}
Potions
 d - 3 potions of might
 f - 2 potions of degeneration {unknown}
 g - 3 potions of lignification {unknown}
 h - a potion of resistance {unknown}
 j - 2 potions of flight {unknown}


   Skills:
 + Level 3.6 Fighting
 + Level 2.4 Maces & Flails
 + Level 3.6 Armour
 + Level 3.7 Shields


You had 2 spell levels left.
You didn't know any spells.
Your spell library was empty.

Dungeon Overview and Level Annotations

Branches:
Dungeon (2/15)

Altars:

Annotations:
D:2 Robin


Innate Abilities, Weirdness & Mutations

You are immune to sickness and miasma.
Your stone body is resilient. (AC +3)
You are immune to poison.
You resist negative energy. (rN+)
You are resistant to electric shocks. (rElec)
You are resistant to unholy torment.
You are immune to petrification.


Message History

You barely miss Robin. The goblin hits you with a +0 dagger.
The goblin barely misses you. The goblin closely misses you.
The goblin drinks a potion.
The goblin seems to speed up.
Robin throws the goblin at you!
You barely miss Robin. The goblin hits you but does no damage.
The goblin hits you with a +0 club.
* * * LOW HITPOINT WARNING * * *
The goblin completely misses you. Robin throws the goblin at you!
The hobgoblin hits you.
* * * LOW HITPOINT WARNING * * *
The goblin completely misses you. The goblin closely misses you. x2
A hobgoblin comes into view.
You are too injured to fight recklessly!
You are too injured to fight recklessly!
You are too injured to fight recklessly!
You are too injured to fight recklessly!
You closely miss the goblin.
The hobgoblin no longer looks unusually strong. x3
The goblin barely misses you. The goblin closely misses you. x2
The goblin barely misses you.
Robin roars a battlecry!
The hobgoblins go into a battle-frenzy!
The hobgoblin closely misses you. You block the goblin's attack.
You closely miss the goblin. The goblin hits you but does no damage.
The hobgoblin closely misses you.
The goblin hits you but does no damage. x3
The goblin completely misses you. The goblin hits you with a +0 club.
* * * LOW HITPOINT WARNING * * *
The goblin hits you but does no damage. You block the goblin's attack.
A goblin comes into view. It is wielding a +0 club.
The hobgoblin hits you but does no damage.
You sock the goblin!
You kill the goblin!
The goblin no longer looks unusually strong.
The goblin closely misses you. The hobgoblin closely misses you.
The goblin closely misses you. Robin completely misses you.
The goblin barely misses you.
The hobgoblin hits you but does no damage.
The hobgoblin misses you. The goblin barely misses you.
Robin attacks as you move away! Robin hits you with a +0 mace!
You die...

..........##
#######..## ###
#..# ..# #..# ..
#.# #..## .g
#.###...##
#.###.##.....##
#...ggg.......#
##gg@g.#.....####
##gg)...........
##.####...#####
### #####


You could see Robin (strong), 4 hobgoblins and 4 goblins.

Vanquished Creatures
  An adder (D:2)
  2 ball pythons
  2 bats (D:1)
  An endoplasm (D:1)
  4 giant cockroaches (D:1)
  5 goblins
  A hobgoblin (D:1)
  A quokka (D:1)
  A kobold (D:1)
  3 rats (D:1)
21 creatures vanquished.

Vanquished Creatures (others)
  3 plants (D:1)
3 creatures vanquished.

Grand Total: 24 creatures vanquished

Notes
Turn   | Place    | Note
-------+----------+-------------------------------------------
     0 | D:1      | Dittersdorf the Gargoyle Fighter began the quest for the
                  | Orb.
     0 | D:1      | Reached XP level 1. HP: 14/14 MP: 1/1
   145 | D:1      | Reached XP level 2. HP: 16/19 MP: 2/2
   228 | D:1      | Found a faded altar of an unknown god.
   667 | D:2      | Reached XP level 3. HP: 24/24 MP: 3/3
   690 | D:2      | Noticed Robin
   703 | D:2      | Mangled by Robin

Illustrated notes

Levels and vault maps discovered:
D:1:      lemuel_arrival_funnel, layout_loops_ring,
          shapermc_ecumenical_altar_mp_urbaneastern,
          corexii_item_surrounded_by_moat
D:2:      layout_loops_corners, uniq_jessica, uniq_robin

Action                     || total
---------------------------++-------
  Melee: Flail             ||    84
 Armour: Scale mail        ||    55
  Dodge: Dodged            ||    65
  Block: Buckler           ||    23

Table legend: (Time is in decaauts)
 A = Elapsed time spent in this place.
 B = Non-inter-level travel time spent in this place.
 C = Inter-level travel time spent in this place.
 D = Time resting spent in this place.
 E = Time spent auto-exploring this place.
 F = Levels seen in this place.
 G = Mean time per level.
                   A        B        C        D        E       F      G
               +--------+--------+--------+--------+--------+-----+--------+
         Total |    730 |    720 |     10 |      0 |    534 |   2 |  365.0 |
       Dungeon |    730 |    720 |     10 |      0 |    534 |   2 |  365.0 |
               +--------+--------+--------+--------+--------+-----+--------+

Top non-repeatable levels by time:
     D:1: 674 daAuts
     D:2: 56 daAuts
